 Dungeon Crawl Stone Soup version 0.30.1 (webtiles) character file.

Game seed: 4954950192643423996

4 Arctor the Insei (level 1, 0/13 HPs)
             Began as an Octopode Transmuter on July 9, 2023.
             Slain by a quokka (4 damage)
             ... on level 1 of the Dungeon.
             The game lasted 00:00:06 (79 turns).

Arctor the Insei (Octopode Transmuter)                Turns: 79, Time: 00:00:07

Health: 0/13       AC:  1    Str:  9    XL:     1   Next: 70%
Magic:  2/3        EV: 13    Int: 15    God:
Gold:   12         SH:  0    Dex: 12    Spells: 3/4 levels left

rFire   . .          .
                       - Unarmed
rCold   . . .        (no shield)
rNeg    . . .        (helmet restricted)
rPois   .            (no amulet)
rElec   .            (no ring)
rCorr   .            (no ring)
SInv    .            (no ring)
Will    .....        (no ring)
Stlth   ++           (no ring)
HPRegen 0.22/turn    (no ring)
MPRegen 0.08/turn    (no ring)
                     (no ring)

%: no passive effects
@: no status effects
A: almost no armour, amphibious, 8 rings, camouflage 1, gelatinous body 1,
(nimble swimmer 1), tentacles
a: no special abilities


You were on level 1 of the Dungeon.
You visited 1 branch of the dungeon, and saw 1 of its levels.

You collected 12 gold pieces.

Inventory:

Scrolls
 b - 3 scrolls of fear {unknown}
Potions
 a - a potion of lignification


   Skills:
 + Level 1.1 Fighting
 + Level 2.1 Dodging
 + Level 3.0 Unarmed Combat
 + Level 2.0 Spellcasting
 + Level 2.1 Transmutations


You had 3 spell levels left.
You knew the following spells:

 Your Spells              Type           Power      Damage    Failure   Level
a - Beastly Appendage     Tmut           14%        N/A       10%         1

Your spell library contained the following spells:

 Spells                   Type           Power      Damage    Failure   Level
 Wereblood                Tmut           7%         N/A       14%         2
 Spider Form              Tmut/Pois      4%         N/A       41%         3
 Ice Form                 Ice/Tmut       4%         N/A       82%         4


Dungeon Overview and Level Annotations

Branches:
Dungeon (1/15)

Altars:


Innate Abilities, Weirdness & Mutations

You cannot wear most types of armour.
You are amphibious.
You can wear up to eight rings at the same time.
Your skin changes colour to match your surroundings (Stealth+).
Your rubbery body absorbs attacks. (AC +1, EV +1)
((You are camouflaged when in or above water. (Stealth+)))
You have tentacles for arms and can constrict up to eight enemies at once.


Message History

Found 5 stones.
One of your tentacles grows a vicious spike.
Your transformation is almost over.
The goblin shouts!
You hear a shout!
You hear an angry hiss.
A quokka comes into view.
A quokka comes into view.
A kobold comes into view. It is wielding a +0 whip.
The quokka moves out of view.
Found a ring mail and a scroll labelled DIB XES KIBB.
A ball python comes into view.
The goblin hits you with a +0 club.
You barely miss the goblin.
The ball python hisses angrily.
You grab the goblin.
You squeeze the goblin, but do no damage.
You constrict the goblin. The goblin closely misses you.
You tentacle-slap the goblin. You squeeze the goblin.
You kill the goblin!
The quokka bites you.
Things that are here:
a +0 club; a goblin corpse You completely miss the kobold.
Your grab misses the kobold.
You pierce the kobold.
The kobold is severely wounded.
The quokka bites you. The kobold hits you but does no damage.
You are too injured to fight recklessly!
You are too injured to fight recklessly!
You are too injured to fight recklessly!
You are too injured to fight recklessly!
Unknown command.
You are too injured to fight recklessly!
You are too injured to fight recklessly!
You tentacle-slap the kobold.
You kill the kobold!
Your tentacle spike disappears.
The quokka bites you.
You tentacle-slap the ball python.
You kill the ball python!
The quokka bites you.
You die...

≈≈≈≈≈≈~.............
####≈≈≈≈##########..
...#≈≈≈≈# ...
._.#≈≈≈≈# #..#
...#≈≈≈≈######...#
#+ #≈≈~~#.........
#≈≈~...........
#≈~~.!.........
#~.....@)......
#.........rr...[.
###.......(....?.
#..............
#####..........
##.........
##########


You could see 2 quokkas.

Vanquished Creatures
  A goblin (D:1)
  A kobold (D:1)
  3 ball pythons (D:1)
  A frilled lizard (D:1)
6 creatures vanquished.

Notes
Turn   | Place    | Note
-------+----------+-------------------------------------------
     0 | D:1      | Arctor the Octopode Transmuter began the quest for the Orb.
     0 | D:1      | Reached XP level 1. HP: 13/13 MP: 3/3
    64 | D:1      | Found a faded altar of an unknown god.
    79 | D:1      | Slain by a quokka

Illustrated notes

Levels and vault maps discovered:
D:1:      ncdulo_watergridlock, layout_rooms, nicolae_ecumenical_lake_church,
          serial_bayou_crossing

Action                     || total
---------------------------++-------
  Melee: Unarmed           ||    13
         Kick              ||     3
         Constrict         ||     2
         Tentacles         ||     2
   Cast: Beastly Appendage ||     2
 Armour: Skin              ||     1
  Dodge: Dodged            ||     8
